 Dungeon Crawl Stone Soup version 0.31-a0-161-gb58dd9be76 (webtiles) character file.

Game seed: 329584292509314833

842 qw the Chopper (level 8, -8/48 HPs)
             Began as a Gargoyle Fighter on June 12, 2023.
             Mangled by Joseph
             ... wielding a +0 quarterstaff
              (12 damage)
             ... on level 7 of the Dungeon.
             The game lasted 00:06:47 (6104 turns).

qw the Chopper (Gargoyle Fighter)                   Turns: 6104, Time: 00:06:47

Health: -8/48      AC: 17    Str: 22    XL:     8   Next: 0%
Magic:  8/8        EV:  8    Int:  9    God:
Gold:   381        SH:  4    Dex:  9    Spells: 7/7 levels left

rFire   + . .        Y - +1 war axe
rCold   . . .        c - +0 buckler
rNeg    + . .        f - +0 chain mail
rPois   inf          m - +0 helmet
rElec   +            (no cloak)
rCorr   .            i - +0 pair of gloves
SInv    .            (no boots)
Will    .....        (no amulet) Stlth
                     h - ring of protection from fire
HPRegen 0.28/turn    (no ring)
MPRegen 0.11/turn

%: no passive effects
@: about to teleport
A: sickness immunity, AC +5, negative energy resistance 1, electricity
resistance, torment resistance 1, petrification resistance
a: no special abilities


You were on level 7 of the Dungeon.
You visited 2 branches of the dungeon, and saw 8 of its levels.

You collected 381 gold pieces.


Innate Abilities, Weirdness & Mutations

You are immune to sickness and miasma.
Your stone body is resilient. (AC +5)
You are immune to poison.
You resist negative energy. (rN+)
You are resistant to electric shocks. (rElec)
You are resistant to unholy torment.
You are immune to petrification.


   Skills:
 + Level 4.6 Fighting
 - Level 7.3 Axes
 - Level 1.3 Throwing
 - Level 3.2 Armour
 - Level 1.0 Dodging
 - Level 3.2 Shields


You had 7 spell levels left.
You didn't know any spells.
Your spell library was empty.

Inventory:

Hand Weapons
 g - a +0 flail
 Y - a +1 war axe (weapon)
Missiles
 n - 3 boomerangs of dispersal
 q - 5 javelins (quivered)
Armour
 c - a +0 buckler (worn)
 f - a +0 chain mail (worn)
 i - a +0 pair of gloves (worn)
 m - a +0 helmet (worn)
Jewellery
 h - a ring of protection from fire (left hand)
 p - an amulet of regeneration
Scrolls
 a - a scroll of identify
 r - a scroll of summoning {unknown}
Potions
 d - 3 potions of might
 e - 3 potions of curing
 j - a potion of mutation
 k - a potion of lignification
 l - a potion of resistance {unknown}
 o - a potion of haste {unknown}

Dungeon Overview and Level Annotations

Branches:
Dungeon (6/15)             Temple (1/1) D:5

Altars:
Ashenzari
Cheibriados
Dithmenos
Elyvilon
Fedhas
Gozag
Hepliaklqana
Kikubaaqudgha
Makhleb
Ru
Sif Muna
Uskayaw
Wu Jian
Xom
Zin
The Shining One

Shops:
D:4 =

Annotations:
D:7 Joseph


Message History

You open the door.
There is an open door here.
Joseph, a Mercenary comes into view.
He is wielding a +0 quarterstaff.
Joseph shouts!
Joseph unwields a +0 quarterstaff.
Joseph wields a +0 sling.
Joseph shoots a sling bullet.
The sling bullet hits you but does no damage.
Joseph shoots a sling bullet.
The sling bullet hits you!
Joseph shoots a sling bullet.
The sling bullet hits you! Joseph says, "I'm happy to see you.
And I'll be happy to kill you."
Joseph shoots a sling bullet.
The sling bullet hits you but does no damage.
Joseph shoots a sling bullet.
The sling bullet barely misses you.
Joseph shoots a sling bullet.
The sling bullet barely misses you.
Joseph unwields a +0 sling.
Joseph wields a +0 quarterstaff.
Joseph hits you with a +0 quarterstaff.
You completely miss Joseph. Joseph hits you with a +0 quarterstaff.
You hit Joseph but do no damage. Joseph closely misses you.
You closely miss Joseph. Joseph barely misses you.
You slash Joseph!
Joseph is lightly wounded.
Joseph hits you but does no damage.
You slash Joseph!
Joseph is moderately wounded.
Joseph hits you with a +0 quarterstaff. Joseph hits you but does no damage.
You closely miss Joseph.
Joseph is moderately wounded.
Joseph hits you with a +0 quarterstaff!
6103 ||| READING scroll of teleportation.
As you read the scroll of teleportation, it crumbles to dust.
You feel strangely unstable. Joseph hits you but does no damage.
You hit Joseph.
Joseph is heavily wounded.
Joseph says, "It's nothing personal, but I have to kill you."
Joseph hits you with a +0 quarterstaff!
You die...

######## .......#
.......# .......+
.......############
.......##.......@@#
.######...#######.#
.######...# .#
.#...##...# .#
.#...##...#######.#
.%.<.'............#
##...####.#########
#...# #........
##### ########.


You could see Joseph.

Vanquished Creatures
  Menkaure (D:6)
  A black bear (D:5)
  An ice beast (D:6)
  2 howler monkeys
  A hound (D:5)
  A jelly (D:5)
  2 orc priests
  3 orc wizards
  An iguana (D:6)
  Robin (D:3)
  9 adders
  A shadow imp (D:6)
  An ufetubus (D:5)
  2 worms
  A dart slug (D:2)
  17 orcs
  11 ball pythons
  8 endoplasms
  5 giant cockroaches
  15 goblins
  9 hobgoblins
  4 jackals (D:4)
  7 quokkas
  2 bats (D:1)
  2 frilled lizards
  13 kobolds
  9 rats
130 creatures vanquished.

Notes
Turn   | Place    | Note
-------+----------+-------------------------------------------
     0 | D:1      | qw the Gargoyle Fighter began the quest for the Orb.
     0 | D:1      | Reached XP level 1. HP: 14/14 MP: 1/1
     0 | D:1      | 0 ||| qw: Version: 0.2-a-29-gc1b59c4
     0 | D:1      | 0 ||| qw: Game counter: 4246
     0 | D:1      | 0 ||| qw: Always use a shield: true
     0 | D:1      | 0 ||| qw: God list: Okawaru
     0 | D:1      | 0 ||| qw: Allow faded altars: false
     0 | D:1      | 0 ||| qw: Do Orc after D:15 true
     0 | D:1      | 0 ||| qw: Do second Lair branch before Depths: true
     0 | D:1      | 0 ||| qw: Lair rune preference: random
     0 | D:1      | 0 ||| qw: Plans: Normal, Zot:1-4, Slime:5, God:TSO, Crypt,
                  | Tomb, Abyss, Pan, Hells, Win
     0 | D:1      | 0 ||| PLANNING D:1-11
     1 | D:1      | Noticed a demonspawn zombie
    17 | D:1      | Noticed a merfolk zombie
   166 | D:1      | Reached skill level 2 in Axes
   253 | D:1      | Reached XP level 2. HP: 18/19 MP: 2/2
   473 | D:1      | Reached skill level 3 in Axes
   627 | D:1      | Reached XP level 3. HP: 22/23 MP: 3/3
  1393 | D:1      | 1393 ||| UPGRADING to ring of protection from fire.
  1394 | D:1      | 1394 ||| READING scroll labelled QIGEMPEMIO.
  1395 | D:1      | 1395 ||| READING scroll labelled UMEILL DESCH.
  1398 | D:1      | 1398 ||| DRINKING 3 ruby potions.
  1652 | D:2      | Reached XP level 4. HP: 28/28 MP: 4/4
  2021 | D:2      | 2021 ||| Stepping ~*~*~tactically~*~*~ (stealth).
  2028 | D:2      | Reached skill level 4 in Axes
  2285 | D:2      | 2285 ||| READING scroll labelled MEQUNENORI.
  2286 | D:2      | 2286 ||| READING scroll labelled PIHUQUS FYICVU.
  2327 | D:3      | 2327 ||| Stepping ~*~*~tactically~*~*~ (stealth).
  2388 | D:3      | Noticed Robin
  2396 | D:3      | Killed Robin
  2415 | D:3      | Found a faded altar of an unknown god.
  2437 | D:3      | Found a shimmering altar of Xom.
  2473 | D:3      | 2473 ||| Stepping ~*~*~tactically~*~*~ (stealth).
  2557 | D:3      | 2557 ||| Stepping ~*~*~tactically~*~*~ (stealth).
  2571 | D:3      | Reached XP level 5. HP: 24/32 MP: 5/5
  2776 | D:3      | 2776 ||| UPGRADING to +0 helmet.
  2781 | D:3      | 2781 ||| READING 2 scrolls of identify.
  2781 | D:3      | 2781 ||| IDENTIFYING bubbling pink potion
  2782 | D:3      | 2782 ||| DROPPING potion of brilliance.
  2788 | D:4      | 2788 ||| PLANNING SEWER
  2811 | D:4      | Reached skill level 1 in Throwing
  2871 | D:4      | 2871 ||| DROPPING +0 whip.
  2876 | D:4      | 2876 ||| DROPPING +0 mace.
  2881 | D:4      | Identified the +8 spear of Wacs {heavy, rC++ Int+4 Dex-5
                  | SInv}
  3003 | D:4      | 3003 ||| Stepping ~*~*~tactically~*~*~ (stealth).
  3160 | D:4      | Reached skill level 5 in Axes
  3249 | D:4      | Found Dugaik's Jewellery Shoppe.
  3259 | D:4      | 3259 ||| Stepping ~*~*~tactically~*~*~ (stealth).
  3277 | D:4      | 3277 ||| SHOPLISTING +4 ring of protection (432 gold, have
                  | 232).
  3277 | D:4      | 3277 ||| SHOPLISTING ring of protection from fire (300
                  | gold, have 232).
  3277 | D:4      | 3277 ||| SHOPLISTING ring of resist corrosion (240 gold,
                  | have 232).
  3378 | D:4      | Found a glowing drain.
  3385 | D:4      | 3385 ||| UPGRADING to +0 pair of gloves.
  3390 | D:4      | 3390 ||| READING scroll labelled YRPHYI HILUD.
  3391 | D:4      | 3391 ||| READING scroll labelled ALANAN WEAS.
  3492 | D:4      | 3492 ||| DRINKING 2 clear potions.
  3493 | D:4      | 3493 ||| DRINKING 2 black potions.
  3523 | D:4      | 3523 ||| DROPPING potion of enlightenment.
  3524 | D:4      | 3524 ||| Stepping randomly (stuck).
  3525 | D:4      | 3525 ||| Stepping randomly (stuck).
  3526 | D:4      | 3526 ||| Stepping randomly (stuck).
  3527 | D:4      | 3527 ||| Stepping randomly (stuck).
  3528 | D:4      | 3528 ||| Stepping randomly (stuck).
  3529 | D:4      | 3529 ||| Stepping randomly (stuck).
  3530 | D:4      | 3530 ||| Stepping randomly (stuck).
  3531 | D:4      | 3531 ||| Stepping randomly (stuck).
  3532 | D:4      | 3532 ||| Stepping randomly (stuck).
  3533 | D:4      | 3533 ||| Stepping randomly (stuck).
  3534 | D:4      | 3534 ||| Stepping randomly (stuck).
  3535 | D:4      | 3535 ||| Stepping randomly (stuck).
  3536 | D:4      | 3536 ||| Stepping randomly (stuck).
  3537 | D:4      | 3537 ||| Stepping randomly (stuck).
  3538 | D:4      | 3538 ||| Stepping randomly (stuck).
  3539 | D:4      | 3539 ||| Stepping randomly (stuck).
  3540 | D:4      | 3540 ||| Stepping randomly (stuck).
  3542 | D:4      | 3542 ||| Stepping randomly (stuck).
  3543 | D:4      | 3543 ||| Stepping randomly (stuck).
  3544 | D:4      | 3544 ||| Stepping randomly (stuck).
  3545 | D:4      | 3545 ||| Stepping randomly (stuck).
  3546 | D:4      | 3546 ||| Stepping randomly (stuck).
  3547 | D:4      | 3547 ||| Stepping randomly (stuck).
  3548 | D:4      | 3548 ||| Stepping randomly (stuck).
  3549 | D:4      | 3549 ||| Stepping randomly (stuck).
  3550 | D:4      | 3550 ||| Stepping randomly (stuck).
  3551 | D:4      | 3551 ||| Stepping randomly (stuck).
  3552 | D:4      | 3552 ||| Stepping randomly (stuck).
  3553 | D:4      | 3553 ||| Stepping randomly (stuck).
  3554 | D:4      | 3554 ||| Stepping randomly (stuck).
  3555 | D:4      | 3555 ||| Stepping randomly (stuck).
  3556 | D:4      | 3556 ||| Stepping randomly (stuck).
  3557 | D:4      | 3557 ||| Stepping randomly (stuck).
  3558 | D:4      | 3558 ||| Stepping randomly (stuck).
  3559 | D:4      | 3559 ||| Stepping randomly (stuck).
  3560 | D:4      | 3560 ||| Stepping randomly (stuck).
  3561 | D:4      | 3561 ||| Stepping randomly (stuck).
  3562 | D:4      | 3562 ||| Stepping randomly (stuck).
  3563 | D:4      | 3563 ||| Stepping randomly (stuck).
  3564 | D:4      | 3564 ||| Stepping randomly (stuck).
  3565 | D:4      | 3565 ||| Stepping randomly (stuck).
  3566 | D:4      | 3566 ||| Stepping randomly (stuck).
  3567 | D:4      | 3567 ||| Stepping randomly (stuck).
  3568 | D:4      | 3568 ||| Stepping randomly (stuck).
  3569 | D:4      | 3569 ||| Stepping randomly (stuck).
  3570 | D:4      | 3570 ||| Stepping randomly (stuck).
  3571 | D:4      | 3571 ||| Stepping randomly (stuck).
  3572 | D:4      | 3572 ||| Stepping randomly (stuck).
  3573 | D:4      | 3573 ||| Stepping randomly (stuck).
  3574 | D:4      | 3574 ||| Stepping randomly (stuck).
  3575 | D:4      | 3575 ||| Stepping randomly (stuck).
  3576 | D:4      | 3576 ||| READING scroll of teleportation.
  3581 | D:4      | 3581 ||| Stepping randomly (stuck).
  3582 | D:4      | 3582 ||| Stepping randomly (stuck).
  3583 | D:4      | 3583 ||| Stepping randomly (stuck).
  3584 | D:4      | 3584 ||| Stepping randomly (stuck).
  3585 | D:4      | 3585 ||| Stepping randomly (stuck).
  3586 | D:4      | 3586 ||| Stepping randomly (stuck).
  3587 | D:4      | 3587 ||| Stepping randomly (stuck).
  3588 | D:4      | 3588 ||| Stepping randomly (stuck).
  3589 | D:4      | 3589 ||| Stepping randomly (stuck).
  3590 | D:4      | 3590 ||| Stepping randomly (stuck).
  3591 | D:4      | 3591 ||| Stepping randomly (stuck).
  3592 | D:4      | 3592 ||| Stepping randomly (stuck).
  3593 | D:4      | 3593 ||| Stepping randomly (stuck).
  3594 | D:4      | 3594 ||| Stepping randomly (stuck).
  3595 | D:4      | 3595 ||| Stepping randomly (stuck).
  3596 | D:4      | 3596 ||| Stepping randomly (stuck).
  3597 | D:4      | 3597 ||| Stepping randomly (stuck).
  3598 | D:4      | 3598 ||| Stepping randomly (stuck).
  3599 | D:4      | 3599 ||| Stepping randomly (stuck).
  3600 | D:4      | 3600 ||| Stepping randomly (stuck).
  3601 | D:4      | 3601 ||| Stepping randomly (stuck).
  3602 | D:4      | 3602 ||| Stepping randomly (stuck).
  3603 | D:4      | 3603 ||| Stepping randomly (stuck).
  3604 | D:4      | 3604 ||| Stepping randomly (stuck).
  3605 | D:4      | 3605 ||| Stepping randomly (stuck).
  3606 | D:4      | 3606 ||| Stepping randomly (stuck).
  3607 | D:4      | 3607 ||| Stepping randomly (stuck).
  3608 | D:4      | 3608 ||| Stepping randomly (stuck).
  3609 | D:4      | 3609 ||| Stepping randomly (stuck).
  3610 | D:4      | 3610 ||| Stepping randomly (stuck).
  3611 | D:4      | 3611 ||| Stepping randomly (stuck).
  3612 | D:4      | 3612 ||| Stepping randomly (stuck).
  3613 | D:4      | 3613 ||| Stepping randomly (stuck).
  3614 | D:4      | 3614 ||| Stepping randomly (stuck).
  3615 | D:4      | 3615 ||| Stepping randomly (stuck).
  3616 | D:4      | 3616 ||| Stepping randomly (stuck).
  3617 | D:4      | 3617 ||| Stepping randomly (stuck).
  3618 | D:4      | 3618 ||| Stepping randomly (stuck).
  3619 | D:4      | 3619 ||| Stepping randomly (stuck).
  3620 | D:4      | 3620 ||| Stepping randomly (stuck).
  3621 | D:4      | 3621 ||| Stepping randomly (stuck).
  3622 | D:4      | 3622 ||| Stepping randomly (stuck).
  3623 | D:4      | 3623 ||| Stepping randomly (stuck).
  3624 | D:4      | 3624 ||| Stepping randomly (stuck).
  3625 | D:4      | 3625 ||| Stepping randomly (stuck).
  3626 | D:4      | 3626 ||| Stepping randomly (stuck).
  3627 | D:4      | 3627 ||| Stepping randomly (stuck).
  3628 | D:4      | 3628 ||| Stepping randomly (stuck).
  3629 | D:4      | 3629 ||| Stepping randomly (stuck).
  3630 | D:4      | 3630 ||| Stepping randomly (stuck).
  3631 | D:4      | 3631 ||| Stepping randomly (stuck).
  3632 | D:4      | 3632 ||| Stepping randomly (stuck).
  3633 | D:4      | 3633 ||| Stepping randomly (stuck).
  3634 | D:4      | 3634 ||| Stepping randomly (stuck).
  3635 | D:4      | 3635 ||| Stepping randomly (stuck).
  3636 | D:4      | 3636 ||| Stepping randomly (stuck).
  3637 | D:4      | 3637 ||| Stepping randomly (stuck).
  3638 | D:4      | 3638 ||| Stepping randomly (stuck).
  3639 | D:4      | 3639 ||| Stepping randomly (stuck).
  3640 | D:4      | 3640 ||| Stepping randomly (stuck).
  3641 | D:4      | 3641 ||| Stepping randomly (stuck).
  3642 | D:4      | 3642 ||| Stepping randomly (stuck).
  3643 | D:4      | 3643 ||| Stepping randomly (stuck).
  3644 | D:4      | 3644 ||| Stepping randomly (stuck).
  3645 | D:4      | 3645 ||| Stepping randomly (stuck).
  3646 | D:4      | 3646 ||| Stepping randomly (stuck).
  3647 | D:4      | 3647 ||| Stepping randomly (stuck).
  3648 | D:4      | 3648 ||| Stepping randomly (stuck).
  3649 | D:4      | 3649 ||| Stepping randomly (stuck).
  3650 | D:4      | 3650 ||| Stepping randomly (stuck).
  3651 | D:4      | 3651 ||| Stepping randomly (stuck).
  3652 | D:4      | 3652 ||| Stepping randomly (stuck).
  3653 | D:4      | 3653 ||| Stepping randomly (stuck).
  3654 | D:4      | 3654 ||| Stepping randomly (stuck).
  3655 | D:4      | 3655 ||| Stepping randomly (stuck).
  3656 | D:4      | 3656 ||| Stepping randomly (stuck).
  3657 | D:4      | 3657 ||| Stepping randomly (stuck).
  3658 | D:4      | 3658 ||| Stepping randomly (stuck).
  3659 | D:4      | 3659 ||| Stepping randomly (stuck).
  3660 | D:4      | 3660 ||| Stepping randomly (stuck).
  3661 | D:4      | 3661 ||| Stepping randomly (stuck).
  3662 | D:4      | 3662 ||| Stepping randomly (stuck).
  3663 | D:4      | 3663 ||| Stepping randomly (stuck).
  3664 | D:4      | 3664 ||| Stepping randomly (stuck).
  3665 | D:4      | 3665 ||| Stepping randomly (stuck).
  3666 | D:4      | 3666 ||| Stepping randomly (stuck).
  3667 | D:4      | 3667 ||| Stepping randomly (stuck).
  3668 | D:4      | 3668 ||| Stepping randomly (stuck).
  3669 | D:4      | 3669 ||| Stepping randomly (stuck).
  3670 | D:4      | 3670 ||| Stepping randomly (stuck).
  3671 | D:4      | 3671 ||| Stepping randomly (stuck).
  3672 | D:4      | 3672 ||| Stepping randomly (stuck).
  3673 | D:4      | 3673 ||| Stepping randomly (stuck).
  3674 | D:4      | 3674 ||| Stepping randomly (stuck).
  3675 | D:4      | 3675 ||| Stepping randomly (stuck).
  3676 | D:4      | 3676 ||| Stepping randomly (stuck).
  3677 | D:4      | 3677 ||| Stepping randomly (stuck).
  3678 | D:4      | 3678 ||| Stepping randomly (stuck).
  3679 | D:4      | 3679 ||| Stepping randomly (stuck).
  3680 | D:4      | 3680 ||| Stepping randomly (stuck).
  3681 | D:4      | 3681 ||| Stepping randomly (stuck).
  3682 | D:4      | 3682 ||| Stepping randomly (stuck).
  3683 | D:4      | 3683 ||| Stepping randomly (stuck).
  3684 | D:4      | 3684 ||| Stepping randomly (stuck).
  3685 | D:4      | 3685 ||| Stepping randomly (stuck).
  3686 | D:4      | 3686 ||| Stepping randomly (stuck).
  3687 | D:4      | 3687 ||| Stepping randomly (stuck).
  3688 | D:4      | 3688 ||| Stepping randomly (stuck).
  3689 | D:4      | 3689 ||| Stepping randomly (stuck).
  3690 | D:4      | 3690 ||| Stepping randomly (stuck).
  3691 | D:4      | 3691 ||| Stepping randomly (stuck).
  3692 | D:4      | 3692 ||| Stepping randomly (stuck).
  3693 | D:4      | 3693 ||| Stepping randomly (stuck).
  3694 | D:4      | 3694 ||| Stepping randomly (stuck).
  3695 | D:4      | 3695 ||| Stepping randomly (stuck).
  3696 | D:4      | 3696 ||| Stepping randomly (stuck).
  3697 | D:4      | 3697 ||| Stepping randomly (stuck).
  3698 | D:4      | 3698 ||| Stepping randomly (stuck).
  3699 | D:4      | 3699 ||| Stepping randomly (stuck).
  3700 | D:4      | 3700 ||| Stepping randomly (stuck).
  3701 | D:4      | 3701 ||| Stepping randomly (stuck).
  3702 | D:4      | 3702 ||| Stepping randomly (stuck).
  3703 | D:4      | 3703 ||| Stepping randomly (stuck).
  3704 | D:4      | 3704 ||| Stepping randomly (stuck).
  3705 | D:4      | 3705 ||| Stepping randomly (stuck).
  3706 | D:4      | 3706 ||| Stepping randomly (stuck).
  3707 | D:4      | 3707 ||| Stepping randomly (stuck).
  3708 | D:4      | 3708 ||| Stepping randomly (stuck).
  3709 | D:4      | 3709 ||| Stepping randomly (stuck).
  3710 | D:4      | 3710 ||| Stepping randomly (stuck).
  3711 | D:4      | 3711 ||| Stepping randomly (stuck).
  3712 | D:4      | 3712 ||| Stepping randomly (stuck).
  3713 | D:4      | 3713 ||| Stepping randomly (stuck).
  3714 | D:4      | 3714 ||| Stepping randomly (stuck).
  3715 | D:4      | 3715 ||| Stepping randomly (stuck).
  3716 | D:4      | 3716 ||| Stepping randomly (stuck).
  3717 | D:4      | 3717 ||| Stepping randomly (stuck).
  3718 | D:4      | 3718 ||| Stepping randomly (stuck).
  3719 | D:4      | 3719 ||| Stepping randomly (stuck).
  3720 | D:4      | 3720 ||| Stepping randomly (stuck).
  3721 | D:4      | 3721 ||| Stepping randomly (stuck).
  3722 | D:4      | 3722 ||| Stepping randomly (stuck).
  3723 | D:4      | 3723 ||| Stepping randomly (stuck).
  3724 | D:4      | 3724 ||| Stepping randomly (stuck).
  3725 | D:4      | 3725 ||| Stepping randomly (stuck).
  3726 | D:4      | 3726 ||| Stepping randomly (stuck).
  3727 | D:4      | 3727 ||| Stepping randomly (stuck).
  3728 | D:4      | 3728 ||| Stepping randomly (stuck).
  3729 | D:4      | 3729 ||| Stepping randomly (stuck).
  3730 | D:4      | 3730 ||| Stepping randomly (stuck).
  3731 | D:4      | 3731 ||| Stepping randomly (stuck).
  3732 | D:4      | 3732 ||| Stepping randomly (stuck).
  3733 | D:4      | 3733 ||| Stepping randomly (stuck).
  3734 | D:4      | 3734 ||| Stepping randomly (stuck).
  3735 | D:4      | 3735 ||| Stepping randomly (stuck).
  3736 | D:4      | 3736 ||| Stepping randomly (stuck).
  3737 | D:4      | 3737 ||| Stepping randomly (stuck).
  3738 | D:4      | 3738 ||| Stepping randomly (stuck).
  3739 | D:4      | 3739 ||| Stepping randomly (stuck).
  3740 | D:4      | 3740 ||| Stepping randomly (stuck).
  3741 | D:4      | 3741 ||| Stepping randomly (stuck).
  3742 | D:4      | 3742 ||| Stepping randomly (stuck).
  3743 | D:4      | 3743 ||| Stepping randomly (stuck).
  3744 | D:4      | 3744 ||| Stepping randomly (stuck).
  3745 | D:4      | 3745 ||| Stepping randomly (stuck).
  3746 | D:4      | 3746 ||| Stepping randomly (stuck).
  3747 | D:4      | 3747 ||| Stepping randomly (stuck).
  3748 | D:4      | 3748 ||| Stepping randomly (stuck).
  3749 | D:4      | 3749 ||| Stepping randomly (stuck).
  3750 | D:4      | 3750 ||| Stepping randomly (stuck).
  3751 | D:4      | 3751 ||| Stepping randomly (stuck).
  3752 | D:4      | 3752 ||| Stepping randomly (stuck).
  3753 | D:4      | 3753 ||| Stepping randomly (stuck).
  3754 | D:4      | 3754 ||| Stepping randomly (stuck).
  3755 | D:4      | 3755 ||| Stepping randomly (stuck).
  3756 | D:4      | 3756 ||| Stepping randomly (stuck).
  3757 | D:4      | 3757 ||| Stepping randomly (stuck).
  3758 | D:4      | 3758 ||| Stepping randomly (stuck).
  3759 | D:4      | 3759 ||| Stepping randomly (stuck).
  3760 | D:4      | 3760 ||| Stepping randomly (stuck).
  3761 | D:4      | 3761 ||| Stepping randomly (stuck).
  3762 | D:4      | 3762 ||| Stepping randomly (stuck).
  3763 | D:4      | 3763 ||| Stepping randomly (stuck).
  3764 | D:4      | 3764 ||| Stepping randomly (stuck).
  3765 | D:4      | 3765 ||| Stepping randomly (stuck).
  3766 | D:4      | 3766 ||| Stepping randomly (stuck).
  3767 | D:4      | 3767 ||| Stepping randomly (stuck).
  3768 | D:4      | 3768 ||| Stepping randomly (stuck).
  3769 | D:4      | 3769 ||| Stepping randomly (stuck).
  3770 | D:4      | 3770 ||| Stepping randomly (stuck).
  3771 | D:4      | 3771 ||| Stepping randomly (stuck).
  3772 | D:4      | 3772 ||| Stepping randomly (stuck).
  3773 | D:4      | 3773 ||| Stepping randomly (stuck).
  3774 | D:4      | 3774 ||| Stepping randomly (stuck).
  3775 | D:4      | 3775 ||| Stepping randomly (stuck).
  3776 | D:4      | 3776 ||| Stepping randomly (stuck).
  3777 | D:4      | 3777 ||| Stepping randomly (stuck).
  3778 | D:4      | 3778 ||| Stepping randomly (stuck).
  3779 | D:4      | 3779 ||| Stepping randomly (stuck).
  3780 | D:4      | 3780 ||| Stepping randomly (stuck).
  3781 | D:4      | 3781 ||| Stepping randomly (stuck).
  3782 | D:4      | 3782 ||| Stepping randomly (stuck).
  3783 | D:4      | 3783 ||| Stepping randomly (stuck).
  3784 | D:4      | 3784 ||| Stepping randomly (stuck).
  3785 | D:4      | 3785 ||| Stepping randomly (stuck).
  3786 | D:4      | 3786 ||| Stepping randomly (stuck).
  3787 | D:4      | 3787 ||| Stepping randomly (stuck).
  3788 | D:4      | 3788 ||| Stepping randomly (stuck).
  3789 | D:4      | 3789 ||| Stepping randomly (stuck).
  3790 | D:4      | 3790 ||| Stepping randomly (stuck).
  3791 | D:4      | 3791 ||| Stepping randomly (stuck).
  3792 | D:4      | 3792 ||| Stepping randomly (stuck).
  3793 | D:4      | 3793 ||| Stepping randomly (stuck).
  3794 | D:4      | 3794 ||| Stepping randomly (stuck).
  3795 | D:4      | 3795 ||| Stepping randomly (stuck).
  3796 | D:4      | 3796 ||| Stepping randomly (stuck).
  3797 | D:4      | 3797 ||| Stepping randomly (stuck).
  3798 | D:4      | 3798 ||| Stepping randomly (stuck).
  3799 | D:4      | 3799 ||| Stepping randomly (stuck).
  3800 | D:4      | 3800 ||| Stepping randomly (stuck).
  3801 | D:4      | 3801 ||| Stepping randomly (stuck).
  3802 | D:4      | 3802 ||| Stepping randomly (stuck).
  3803 | D:4      | 3803 ||| Stepping randomly (stuck).
  3804 | D:4      | 3804 ||| Stepping randomly (stuck).
  3805 | D:4      | 3805 ||| Stepping randomly (stuck).
  3806 | D:4      | 3806 ||| Stepping randomly (stuck).
  3807 | D:4      | 3807 ||| Stepping randomly (stuck).
  3808 | D:4      | 3808 ||| Stepping randomly (stuck).
  3809 | D:4      | 3809 ||| Stepping randomly (stuck).
  3810 | D:4      | 3810 ||| Stepping randomly (stuck).
  3811 | D:4      | 3811 ||| Stepping randomly (stuck).
  3812 | D:4      | 3812 ||| Stepping randomly (stuck).
  3813 | D:4      | 3813 ||| Stepping randomly (stuck).
  3814 | D:4      | 3814 ||| Stepping randomly (stuck).
  3815 | D:4      | 3815 ||| Stepping randomly (stuck).
  3816 | D:4      | 3816 ||| Stepping randomly (stuck).
  3817 | D:4      | 3817 ||| Stepping randomly (stuck).
  3818 | D:4      | 3818 ||| Stepping randomly (stuck).
  3819 | D:4      | 3819 ||| Stepping randomly (stuck).
  3820 | D:4      | 3820 ||| Stepping randomly (stuck).
  3821 | D:4      | 3821 ||| Stepping randomly (stuck).
  3822 | D:4      | 3822 ||| Stepping randomly (stuck).
  3823 | D:4      | 3823 ||| Stepping randomly (stuck).
  3824 | D:4      | 3824 ||| Stepping randomly (stuck).
  3825 | D:4      | 3825 ||| Stepping randomly (stuck).
  3826 | D:4      | 3826 ||| Stepping randomly (stuck).
  3827 | D:4      | 3827 ||| Stepping randomly (stuck).
  3828 | D:4      | 3828 ||| Stepping randomly (stuck).
  3829 | D:4      | 3829 ||| Stepping randomly (stuck).
  3830 | D:4      | 3830 ||| Stepping randomly (stuck).
  3831 | D:4      | 3831 ||| Stepping randomly (stuck).
  3832 | D:4      | 3832 ||| Stepping randomly (stuck).
  3833 | D:4      | 3833 ||| Stepping randomly (stuck).
  3834 | D:4      | 3834 ||| Stepping randomly (stuck).
  3835 | D:4      | 3835 ||| Stepping randomly (stuck).
  3836 | D:4      | 3836 ||| Stepping randomly (stuck).
  3837 | D:4      | 3837 ||| Stepping randomly (stuck).
  3838 | D:4      | 3838 ||| Stepping randomly (stuck).
  3839 | D:4      | 3839 ||| Stepping randomly (stuck).
  3840 | D:4      | 3840 ||| Stepping randomly (stuck).
  3841 | D:4      | 3841 ||| Stepping randomly (stuck).
  3842 | D:4      | 3842 ||| Stepping randomly (stuck).
  3843 | D:4      | 3843 ||| Stepping randomly (stuck).
  3844 | D:4      | 3844 ||| Stepping randomly (stuck).
  3845 | D:4      | 3845 ||| Stepping randomly (stuck).
  3846 | D:4      | 3846 ||| Stepping randomly (stuck).
  3847 | D:4      | 3847 ||| Stepping randomly (stuck).
  3848 | D:4      | 3848 ||| Stepping randomly (stuck).
  3849 | D:4      | 3849 ||| Stepping randomly (stuck).
  3850 | D:4      | 3850 ||| Stepping randomly (stuck).
  3851 | D:4      | 3851 ||| Stepping randomly (stuck).
  3852 | D:4      | 3852 ||| Stepping randomly (stuck).
  3853 | D:4      | 3853 ||| Stepping randomly (stuck).
  3854 | D:4      | 3854 ||| Stepping randomly (stuck).
  3855 | D:4      | 3855 ||| Stepping randomly (stuck).
  3856 | D:4      | 3856 ||| Stepping randomly (stuck).
  3857 | D:4      | 3857 ||| Stepping randomly (stuck).
  3858 | D:4      | 3858 ||| Stepping randomly (stuck).
  3859 | D:4      | 3859 ||| Stepping randomly (stuck).
  3860 | D:4      | 3860 ||| Stepping randomly (stuck).
  3861 | D:4      | 3861 ||| Stepping randomly (stuck).
  3862 | D:4      | 3862 ||| Stepping randomly (stuck).
  3863 | D:4      | 3863 ||| Stepping randomly (stuck).
  3864 | D:4      | 3864 ||| Stepping randomly (stuck).
  3865 | D:4      | 3865 ||| Stepping randomly (stuck).
  3866 | D:4      | 3866 ||| Stepping randomly (stuck).
  3867 | D:4      | 3867 ||| Stepping randomly (stuck).
  3868 | D:4      | 3868 ||| Stepping randomly (stuck).
  3869 | D:4      | 3869 ||| Stepping randomly (stuck).
  3870 | D:4      | 3870 ||| Stepping randomly (stuck).
  3871 | D:4      | 3871 ||| Stepping randomly (stuck).
  3872 | D:4      | 3872 ||| Stepping randomly (stuck).
  3873 | D:4      | 3873 ||| Stepping randomly (stuck).
  3874 | D:4      | 3874 ||| Stepping randomly (stuck).
  3875 | D:4      | 3875 ||| Stepping randomly (stuck).
  3876 | D:4      | 3876 ||| Stepping randomly (stuck).
  3877 | D:4      | 3877 ||| Stepping randomly (stuck).
  3878 | D:4      | 3878 ||| Stepping randomly (stuck).
  3879 | D:4      | 3879 ||| Stepping randomly (stuck).
  3880 | D:4      | 3880 ||| Stepping randomly (stuck).
  3881 | D:4      | 3881 ||| Stepping randomly (stuck).
  3882 | D:4      | 3882 ||| Stepping randomly (stuck).
  3883 | D:4      | 3883 ||| Stepping randomly (stuck).
  3884 | D:4      | 3884 ||| Stepping randomly (stuck).
  3885 | D:4      | 3885 ||| Stepping randomly (stuck).
  3886 | D:4      | 3886 ||| Stepping randomly (stuck).
  3887 | D:4      | 3887 ||| Stepping randomly (stuck).
  3888 | D:4      | 3888 ||| Stepping randomly (stuck).
  3889 | D:4      | 3889 ||| Stepping randomly (stuck).
  3890 | D:4      | 3890 ||| Stepping randomly (stuck).
  3891 | D:4      | 3891 ||| Stepping randomly (stuck).
  3892 | D:4      | 3892 ||| Stepping randomly (stuck).
  3893 | D:4      | 3893 ||| Stepping randomly (stuck).
  3894 | D:4      | 3894 ||| Stepping randomly (stuck).
  3895 | D:4      | 3895 ||| Stepping randomly (stuck).
  3896 | D:4      | 3896 ||| Stepping randomly (stuck).
  3897 | D:4      | 3897 ||| Stepping randomly (stuck).
  3898 | D:4      | 3898 ||| Stepping randomly (stuck).
  3899 | D:4      | 3899 ||| Stepping randomly (stuck).
  3900 | D:4      | 3900 ||| Stepping randomly (stuck).
  3901 | D:4      | 3901 ||| Stepping randomly (stuck).
  3902 | D:4      | 3902 ||| Stepping randomly (stuck).
  3903 | D:4      | 3903 ||| Stepping randomly (stuck).
  3904 | D:4      | 3904 ||| Stepping randomly (stuck).
  3905 | D:4      | 3905 ||| Stepping randomly (stuck).
  3906 | D:4      | 3906 ||| Stepping randomly (stuck).
  3907 | D:4      | 3907 ||| Stepping randomly (stuck).
  3908 | D:4      | 3908 ||| Stepping randomly (stuck).
  3909 | D:4      | 3909 ||| Stepping randomly (stuck).
  3910 | D:4      | 3910 ||| Stepping randomly (stuck).
  3911 | D:4      | 3911 ||| Stepping randomly (stuck).
  3912 | D:4      | 3912 ||| Stepping randomly (stuck).
  3913 | D:4      | 3913 ||| Stepping randomly (stuck).
  3914 | D:4      | 3914 ||| Stepping randomly (stuck).
  3915 | D:4      | 3915 ||| Stepping randomly (stuck).
  3916 | D:4      | 3916 ||| Stepping randomly (stuck).
  3917 | D:4      | 3917 ||| Stepping randomly (stuck).
  3918 | D:4      | 3918 ||| Stepping randomly (stuck).
  3919 | D:4      | 3919 ||| Stepping randomly (stuck).
  3920 | D:4      | 3920 ||| Stepping randomly (stuck).
  3921 | D:4      | 3921 ||| Stepping randomly (stuck).
  3922 | D:4      | 3922 ||| Stepping randomly (stuck).
  3923 | D:4      | 3923 ||| Stepping randomly (stuck).
  3924 | D:4      | 3924 ||| Stepping randomly (stuck).
  3925 | D:4      | 3925 ||| Stepping randomly (stuck).
  3926 | D:4      | 3926 ||| Stepping randomly (stuck).
  3927 | D:4      | 3927 ||| Stepping randomly (stuck).
  3928 | D:4      | 3928 ||| Stepping randomly (stuck).
  3929 | D:4      | 3929 ||| Stepping randomly (stuck).
  3930 | D:4      | 3930 ||| Stepping randomly (stuck).
  3931 | D:4      | 3931 ||| Stepping randomly (stuck).
  3932 | D:4      | 3932 ||| Stepping randomly (stuck).
  3933 | D:4      | 3933 ||| Stepping randomly (stuck).
  3934 | D:4      | 3934 ||| Stepping randomly (stuck).
  3935 | D:4      | 3935 ||| Stepping randomly (stuck).
  3936 | D:4      | 3936 ||| Stepping randomly (stuck).
  3937 | D:4      | 3937 ||| Stepping randomly (stuck).
  3938 | D:4      | 3938 ||| Stepping randomly (stuck).
  3939 | D:4      | 3939 ||| Stepping randomly (stuck).
  3940 | D:4      | 3940 ||| Stepping randomly (stuck).
  3941 | D:4      | 3941 ||| Stepping randomly (stuck).
  3942 | D:4      | 3942 ||| Stepping randomly (stuck).
  3943 | D:4      | 3943 ||| Stepping randomly (stuck).
  3944 | D:4      | 3944 ||| Stepping randomly (stuck).
  3945 | D:4      | 3945 ||| Stepping randomly (stuck).
  3946 | D:4      | 3946 ||| Stepping randomly (stuck).
  3947 | D:4      | 3947 ||| Stepping randomly (stuck).
  3948 | D:4      | 3948 ||| Stepping randomly (stuck).
  3949 | D:4      | 3949 ||| Stepping randomly (stuck).
  3950 | D:4      | 3950 ||| Stepping randomly (stuck).
  3951 | D:4      | 3951 ||| Stepping randomly (stuck).
  3952 | D:4      | 3952 ||| Stepping randomly (stuck).
  3953 | D:4      | 3953 ||| Stepping randomly (stuck).
  3954 | D:4      | 3954 ||| Stepping randomly (stuck).
  3955 | D:4      | 3955 ||| Stepping randomly (stuck).
  3956 | D:4      | 3956 ||| Stepping randomly (stuck).
  3957 | D:4      | 3957 ||| Stepping randomly (stuck).
  3958 | D:4      | 3958 ||| Stepping randomly (stuck).
  3959 | D:4      | 3959 ||| Stepping randomly (stuck).
  3960 | D:4      | 3960 ||| Stepping randomly (stuck).
  3961 | D:4      | 3961 ||| Stepping randomly (stuck).
  3962 | D:4      | 3962 ||| Stepping randomly (stuck).
  3963 | D:4      | 3963 ||| Stepping randomly (stuck).
  3964 | D:4      | 3964 ||| Stepping randomly (stuck).
  3965 | D:4      | 3965 ||| Stepping randomly (stuck).
  3966 | D:4      | 3966 ||| Stepping randomly (stuck).
  3967 | D:4      | 3967 ||| Stepping randomly (stuck).
  3968 | D:4      | 3968 ||| Stepping randomly (stuck).
  3969 | D:4      | 3969 ||| Stepping randomly (stuck).
  3970 | D:4      | 3970 ||| Stepping randomly (stuck).
  3971 | D:4      | 3971 ||| Stepping randomly (stuck).
  3972 | D:4      | 3972 ||| Stepping randomly (stuck).
  3973 | D:4      | 3973 ||| Stepping randomly (stuck).
  3974 | D:4      | 3974 ||| Stepping randomly (stuck).
  3975 | D:4      | 3975 ||| Stepping randomly (stuck).
  3976 | D:4      | 3976 ||| Stepping randomly (stuck).
  3977 | D:4      | 3977 ||| Stepping randomly (stuck).
  3978 | D:4      | 3978 ||| Stepping randomly (stuck).
  3979 | D:4      | 3979 ||| Stepping randomly (stuck).
  3980 | D:4      | 3980 ||| Stepping randomly (stuck).
  3981 | D:4      | 3981 ||| Stepping randomly (stuck).
  3982 | D:4      | 3982 ||| Stepping randomly (stuck).
  3983 | D:4      | 3983 ||| Stepping randomly (stuck).
  3984 | D:4      | 3984 ||| Stepping randomly (stuck).
  3985 | D:4      | 3985 ||| Stepping randomly (stuck).
  3986 | D:4      | 3986 ||| Stepping randomly (stuck).
  3987 | D:4      | 3987 ||| Stepping randomly (stuck).
  3988 | D:4      | 3988 ||| Stepping randomly (stuck).
  3989 | D:4      | 3989 ||| Stepping randomly (stuck).
  3990 | D:4      | 3990 ||| Stepping randomly (stuck).
  3991 | D:4      | 3991 ||| Stepping randomly (stuck).
  3992 | D:4      | 3992 ||| Stepping randomly (stuck).
  3993 | D:4      | 3993 ||| Stepping randomly (stuck).
  3994 | D:4      | 3994 ||| Stepping randomly (stuck).
  3995 | D:4      | 3995 ||| Stepping randomly (stuck).
  3996 | D:4      | 3996 ||| Stepping randomly (stuck).
  3997 | D:4      | 3997 ||| Stepping randomly (stuck).
  3998 | D:4      | 3998 ||| Stepping randomly (stuck).
  3999 | D:4      | 3999 ||| Stepping randomly (stuck).
  4000 | D:4      | 4000 ||| Stepping randomly (stuck).
  4001 | D:4      | 4001 ||| Stepping randomly (stuck).
  4002 | D:4      | 4002 ||| Stepping randomly (stuck).
  4003 | D:4      | 4003 ||| Stepping randomly (stuck).
  4004 | D:4      | 4004 ||| Stepping randomly (stuck).
  4005 | D:4      | 4005 ||| Stepping randomly (stuck).
  4006 | D:4      | 4006 ||| Stepping randomly (stuck).
  4007 | D:4      | 4007 ||| Stepping randomly (stuck).
  4008 | D:4      | 4008 ||| Stepping randomly (stuck).
  4009 | D:4      | 4009 ||| Stepping randomly (stuck).
  4010 | D:4      | 4010 ||| Stepping randomly (stuck).
  4011 | D:4      | 4011 ||| Stepping randomly (stuck).
  4012 | D:4      | 4012 ||| Stepping randomly (stuck).
  4013 | D:4      | 4013 ||| Stepping randomly (stuck).
  4014 | D:4      | 4014 ||| Stepping randomly (stuck).
  4015 | D:4      | 4015 ||| Stepping randomly (stuck).
  4016 | D:4      | 4016 ||| Stepping randomly (stuck).
  4017 | D:4      | 4017 ||| Stepping randomly (stuck).
  4018 | D:4      | 4018 ||| Stepping randomly (stuck).
  4019 | D:4      | 4019 ||| Stepping randomly (stuck).
  4020 | D:4      | 4020 ||| Stepping randomly (stuck).
  4021 | D:4      | 4021 ||| Stepping randomly (stuck).
  4022 | D:4      | 4022 ||| Stepping randomly (stuck).
  4023 | D:4      | 4023 ||| Stepping randomly (stuck).
  4024 | D:4      | 4024 ||| Stepping randomly (stuck).
  4025 | D:4      | 4025 ||| Stepping randomly (stuck).
  4026 | D:4      | 4026 ||| Stepping randomly (stuck).
  4027 | D:4      | 4027 ||| Stepping randomly (stuck).
  4028 | D:4      | 4028 ||| Stepping randomly (stuck).
  4029 | D:4      | 4029 ||| Stepping randomly (stuck).
  4030 | D:4      | 4030 ||| Stepping randomly (stuck).
  4031 | D:4      | 4031 ||| Stepping randomly (stuck).
  4032 | D:4      | 4032 ||| Stepping randomly (stuck).
  4033 | D:4      | 4033 ||| Stepping randomly (stuck).
  4034 | D:4      | 4034 ||| Stepping randomly (stuck).
  4035 | D:4      | 4035 ||| Stepping randomly (stuck).
  4036 | D:4      | 4036 ||| Stepping randomly (stuck).
  4037 | D:4      | 4037 ||| Stepping randomly (stuck).
  4038 | D:4      | 4038 ||| Stepping randomly (stuck).
  4039 | D:4      | 4039 ||| Stepping randomly (stuck).
  4040 | D:4      | 4040 ||| Stepping randomly (stuck).
  4041 | D:4      | 4041 ||| Stepping randomly (stuck).
  4042 | D:4      | 4042 ||| Stepping randomly (stuck).
  4043 | D:4      | 4043 ||| Stepping randomly (stuck).
  4044 | D:4      | 4044 ||| Stepping randomly (stuck).
  4045 | D:4      | 4045 ||| Stepping randomly (stuck).
  4046 | D:4      | 4046 ||| Stepping randomly (stuck).
  4047 | D:4      | 4047 ||| Stepping randomly (stuck).
  4048 | D:4      | 4048 ||| Stepping randomly (stuck).
  4049 | D:4      | 4049 ||| Stepping randomly (stuck).
  4050 | D:4      | 4050 ||| Stepping randomly (stuck).
  4051 | D:4      | 4051 ||| Stepping randomly (stuck).
  4052 | D:4      | 4052 ||| Stepping randomly (stuck).
  4053 | D:4      | 4053 ||| Stepping randomly (stuck).
  4054 | D:4      | 4054 ||| Stepping randomly (stuck).
  4055 | D:4      | 4055 ||| Stepping randomly (stuck).
  4056 | D:4      | 4056 ||| Stepping randomly (stuck).
  4057 | D:4      | 4057 ||| Stepping randomly (stuck).
  4058 | D:4      | 4058 ||| Stepping randomly (stuck).
  4059 | D:4      | 4059 ||| Stepping randomly (stuck).
  4060 | D:4      | 4060 ||| Stepping randomly (stuck).
  4061 | D:4      | 4061 ||| Stepping randomly (stuck).
  4062 | D:4      | 4062 ||| Stepping randomly (stuck).
  4063 | D:4      | 4063 ||| Stepping randomly (stuck).
  4064 | D:4      | 4064 ||| Stepping randomly (stuck).
  4065 | D:4      | 4065 ||| Stepping randomly (stuck).
  4066 | D:4      | 4066 ||| Stepping randomly (stuck).
  4067 | D:4      | 4067 ||| Stepping randomly (stuck).
  4068 | D:4      | 4068 ||| Stepping randomly (stuck).
  4069 | D:4      | 4069 ||| Stepping randomly (stuck).
  4070 | D:4      | 4070 ||| Stepping randomly (stuck).
  4071 | D:4      | 4071 ||| Stepping randomly (stuck).
  4072 | D:4      | 4072 ||| Stepping randomly (stuck).
  4073 | D:4      | 4073 ||| Stepping randomly (stuck).
  4074 | D:4      | 4074 ||| Stepping randomly (stuck).
  4075 | D:4      | 4075 ||| Stepping randomly (stuck).
  4076 | D:4      | 4076 ||| Stepping randomly (stuck).
  4077 | D:4      | 4077 ||| Stepping randomly (stuck).
  4078 | D:4      | 4078 ||| Stepping randomly (stuck).
  4079 | D:4      | 4079 ||| Stepping randomly (stuck).
  4080 | D:4      | 4080 ||| Stepping randomly (stuck).
  4081 | D:4      | 4081 ||| Stepping randomly (stuck).
  4082 | D:4      | 4082 ||| Stepping randomly (stuck).
  4083 | D:4      | 4083 ||| Stepping randomly (stuck).
  4084 | D:4      | 4084 ||| Stepping randomly (stuck).
  4085 | D:4      | 4085 ||| Stepping randomly (stuck).
  4086 | D:4      | 4086 ||| Stepping randomly (stuck).
  4087 | D:4      | 4087 ||| Stepping randomly (stuck).
  4088 | D:4      | 4088 ||| Stepping randomly (stuck).
  4089 | D:4      | 4089 ||| Stepping randomly (stuck).
  4090 | D:4      | 4090 ||| Stepping randomly (stuck).
  4091 | D:4      | 4091 ||| Stepping randomly (stuck).
  4092 | D:4      | 4092 ||| Stepping randomly (stuck).
  4093 | D:4      | 4093 ||| Stepping randomly (stuck).
  4094 | D:4      | 4094 ||| Stepping randomly (stuck).
  4095 | D:4      | 4095 ||| Stepping randomly (stuck).
  4096 | D:4      | 4096 ||| Stepping randomly (stuck).
  4097 | D:4      | 4097 ||| Stepping randomly (stuck).
  4098 | D:4      | 4098 ||| Stepping randomly (stuck).
  4099 | D:4      | 4099 ||| Stepping randomly (stuck).
  4100 | D:4      | 4100 ||| Stepping randomly (stuck).
  4101 | D:4      | 4101 ||| Stepping randomly (stuck).
  4102 | D:4      | 4102 ||| Stepping randomly (stuck).
  4103 | D:4      | 4103 ||| Stepping randomly (stuck).
  4104 | D:4      | 4104 ||| Stepping randomly (stuck).
  4105 | D:4      | 4105 ||| Stepping randomly (stuck).
  4106 | D:4      | 4106 ||| Stepping randomly (stuck).
  4107 | D:4      | 4107 ||| Stepping randomly (stuck).
  4108 | D:4      | 4108 ||| Stepping randomly (stuck).
  4109 | D:4      | 4109 ||| Stepping randomly (stuck).
  4110 | D:4      | 4110 ||| Stepping randomly (stuck).
  4111 | D:4      | 4111 ||| Stepping randomly (stuck).
  4112 | D:4      | 4112 ||| Stepping randomly (stuck).
  4113 | D:4      | 4113 ||| Stepping randomly (stuck).
  4114 | D:4      | 4114 ||| Stepping randomly (stuck).
  4115 | D:4      | 4115 ||| Stepping randomly (stuck).
  4116 | D:4      | 4116 ||| Stepping randomly (stuck).
  4117 | D:4      | 4117 ||| Stepping randomly (stuck).
  4118 | D:4      | 4118 ||| Stepping randomly (stuck).
  4119 | D:4      | 4119 ||| Stepping randomly (stuck).
  4120 | D:4      | 4120 ||| Stepping randomly (stuck).
  4121 | D:4      | 4121 ||| Stepping randomly (stuck).
  4122 | D:4      | 4122 ||| Stepping randomly (stuck).
  4123 | D:4      | 4123 ||| Stepping randomly (stuck).
  4124 | D:4      | 4124 ||| Stepping randomly (stuck).
  4125 | D:4      | 4125 ||| Stepping randomly (stuck).
  4126 | D:4      | 4126 ||| Stepping randomly (stuck).
  4127 | D:4      | 4127 ||| Stepping randomly (stuck).
  4128 | D:4      | 4128 ||| Stepping randomly (stuck).
  4129 | D:4      | 4129 ||| Stepping randomly (stuck).
  4130 | D:4      | 4130 ||| Stepping randomly (stuck).
  4131 | D:4      | 4131 ||| Stepping randomly (stuck).
  4132 | D:4      | 4132 ||| Stepping randomly (stuck).
  4133 | D:4      | 4133 ||| Stepping randomly (stuck).
  4134 | D:4      | 4134 ||| Stepping randomly (stuck).
  4135 | D:4      | 4135 ||| Stepping randomly (stuck).
  4136 | D:4      | 4136 ||| Stepping randomly (stuck).
  4137 | D:4      | 4137 ||| Stepping randomly (stuck).
  4138 | D:4      | 4138 ||| Stepping randomly (stuck).
  4139 | D:4      | 4139 ||| Stepping randomly (stuck).
  4140 | D:4      | 4140 ||| Stepping randomly (stuck).
  4141 | D:4      | 4141 ||| Stepping randomly (stuck).
  4142 | D:4      | 4142 ||| Stepping randomly (stuck).
  4143 | D:4      | 4143 ||| Stepping randomly (stuck).
  4144 | D:4      | 4144 ||| Stepping randomly (stuck).
  4145 | D:4      | 4145 ||| Stepping randomly (stuck).
  4146 | D:4      | 4146 ||| Stepping randomly (stuck).
  4147 | D:4      | 4147 ||| Stepping randomly (stuck).
  4148 | D:4      | 4148 ||| Stepping randomly (stuck).
  4149 | D:4      | 4149 ||| Stepping randomly (stuck).
  4150 | D:4      | 4150 ||| Stepping randomly (stuck).
  4151 | D:4      | 4151 ||| Stepping randomly (stuck).
  4152 | D:4      | 4152 ||| Stepping randomly (stuck).
  4153 | D:4      | 4153 ||| Stepping randomly (stuck).
  4154 | D:4      | 4154 ||| Stepping randomly (stuck).
  4155 | D:4      | 4155 ||| Stepping randomly (stuck).
  4156 | D:4      | 4156 ||| Stepping randomly (stuck).
  4157 | D:4      | 4157 ||| Stepping randomly (stuck).
  4158 | D:4      | 4158 ||| Stepping randomly (stuck).
  4159 | D:4      | 4159 ||| Stepping randomly (stuck).
  4160 | D:4      | 4160 ||| Stepping randomly (stuck).
  4161 | D:4      | 4161 ||| Stepping randomly (stuck).
  4162 | D:4      | 4162 ||| Stepping randomly (stuck).
  4163 | D:4      | 4163 ||| Stepping randomly (stuck).
  4164 | D:4      | 4164 ||| Stepping randomly (stuck).
  4165 | D:4      | 4165 ||| Stepping randomly (stuck).
  4166 | D:4      | 4166 ||| Stepping randomly (stuck).
  4167 | D:4      | 4167 ||| Stepping randomly (stuck).
  4168 | D:4      | 4168 ||| Stepping randomly (stuck).
  4169 | D:4      | 4169 ||| Stepping randomly (stuck).
  4170 | D:4      | 4170 ||| Stepping randomly (stuck).
  4171 | D:4      | 4171 ||| Stepping randomly (stuck).
  4172 | D:4      | 4172 ||| Stepping randomly (stuck).
  4173 | D:4      | 4173 ||| Stepping randomly (stuck).
  4174 | D:4      | 4174 ||| Stepping randomly (stuck).
  4175 | D:4      | 4175 ||| Stepping randomly (stuck).
  4176 | D:4      | 4176 ||| Stepping randomly (stuck).
  4177 | D:4      | 4177 ||| Stepping randomly (stuck).
  4178 | D:4      | 4178 ||| Stepping randomly (stuck).
  4179 | D:4      | 4179 ||| Stepping randomly (stuck).
  4180 | D:4      | 4180 ||| Stepping randomly (stuck).
  4181 | D:4      | 4181 ||| Stepping randomly (stuck).
  4182 | D:4      | 4182 ||| Stepping randomly (stuck).
  4183 | D:4      | 4183 ||| Stepping randomly (stuck).
  4184 | D:4      | 4184 ||| Stepping randomly (stuck).
  4185 | D:4      | 4185 ||| Stepping randomly (stuck).
  4186 | D:4      | 4186 ||| Stepping randomly (stuck).
  4187 | D:4      | 4187 ||| Stepping randomly (stuck).
  4188 | D:4      | 4188 ||| Stepping randomly (stuck).
  4189 | D:4      | 4189 ||| Stepping randomly (stuck).
  4190 | D:4      | 4190 ||| Stepping randomly (stuck).
  4191 | D:4      | 4191 ||| Stepping randomly (stuck).
  4192 | D:4      | 4192 ||| Stepping randomly (stuck).
  4193 | D:4      | 4193 ||| Stepping randomly (stuck).
  4194 | D:4      | 4194 ||| Stepping randomly (stuck).
  4195 | D:4      | 4195 ||| Stepping randomly (stuck).
  4196 | D:4      | 4196 ||| Stepping randomly (stuck).
  4197 | D:4      | 4197 ||| Stepping randomly (stuck).
  4198 | D:4      | 4198 ||| Stepping randomly (stuck).
  4199 | D:4      | 4199 ||| Stepping randomly (stuck).
  4200 | D:4      | 4200 ||| Stepping randomly (stuck).
  4201 | D:4      | 4201 ||| Stepping randomly (stuck).
  4202 | D:4      | 4202 ||| Stepping randomly (stuck).
  4203 | D:4      | 4203 ||| Stepping randomly (stuck).
  4204 | D:4      | 4204 ||| Stepping randomly (stuck).
  4205 | D:4      | 4205 ||| Stepping randomly (stuck).
  4206 | D:4      | 4206 ||| Stepping randomly (stuck).
  4207 | D:4      | 4207 ||| Stepping randomly (stuck).
  4208 | D:4      | 4208 ||| Stepping randomly (stuck).
  4209 | D:4      | 4209 ||| Stepping randomly (stuck).
  4210 | D:4      | 4210 ||| Stepping randomly (stuck).
  4211 | D:4      | 4211 ||| Stepping randomly (stuck).
  4212 | D:4      | 4212 ||| Stepping randomly (stuck).
  4213 | D:4      | 4213 ||| Stepping randomly (stuck).
  4214 | D:4      | 4214 ||| Stepping randomly (stuck).
  4215 | D:4      | 4215 ||| Stepping randomly (stuck).
  4216 | D:4      | 4216 ||| Stepping randomly (stuck).
  4217 | D:4      | 4217 ||| Stepping randomly (stuck).
  4218 | D:4      | 4218 ||| Stepping randomly (stuck).
  4219 | D:4      | 4219 ||| Stepping randomly (stuck).
  4220 | D:4      | 4220 ||| Stepping randomly (stuck).
  4221 | D:4      | 4221 ||| Stepping randomly (stuck).
  4222 | D:4      | 4222 ||| Stepping randomly (stuck).
  4223 | D:4      | 4223 ||| Stepping randomly (stuck).
  4224 | D:4      | 4224 ||| Stepping randomly (stuck).
  4225 | D:4      | 4225 ||| Stepping randomly (stuck).
  4226 | D:4      | 4226 ||| Stepping randomly (stuck).
  4227 | D:4      | 4227 ||| Stepping randomly (stuck).
  4228 | D:4      | 4228 ||| Stepping randomly (stuck).
  4229 | D:4      | 4229 ||| Stepping randomly (stuck).
  4230 | D:4      | 4230 ||| Stepping randomly (stuck).
  4231 | D:4      | 4231 ||| Stepping randomly (stuck).
  4232 | D:4      | 4232 ||| Stepping randomly (stuck).
  4233 | D:4      | 4233 ||| Stepping randomly (stuck).
  4234 | D:4      | 4234 ||| Stepping randomly (stuck).
  4235 | D:4      | 4235 ||| Stepping randomly (stuck).
  4236 | D:4      | 4236 ||| Stepping randomly (stuck).
  4237 | D:4      | 4237 ||| Stepping randomly (stuck).
  4238 | D:4      | 4238 ||| Stepping randomly (stuck).
  4239 | D:4      | 4239 ||| Stepping randomly (stuck).
  4240 | D:4      | 4240 ||| Stepping randomly (stuck).
  4241 | D:4      | 4241 ||| Stepping randomly (stuck).
  4242 | D:4      | 4242 ||| Stepping randomly (stuck).
  4243 | D:4      | 4243 ||| Stepping randomly (stuck).
  4244 | D:4      | 4244 ||| Stepping randomly (stuck).
  4245 | D:4      | 4245 ||| Stepping randomly (stuck).
  4246 | D:4      | 4246 ||| Stepping randomly (stuck).
  4247 | D:4      | 4247 ||| Stepping randomly (stuck).
  4248 | D:4      | 4248 ||| Stepping randomly (stuck).
  4249 | D:4      | 4249 ||| Stepping randomly (stuck).
  4250 | D:4      | 4250 ||| Stepping randomly (stuck).
  4251 | D:4      | 4251 ||| Stepping randomly (stuck).
  4252 | D:4      | 4252 ||| Stepping randomly (stuck).
  4253 | D:4      | 4253 ||| Stepping randomly (stuck).
  4254 | D:4      | 4254 ||| Stepping randomly (stuck).
  4255 | D:4      | 4255 ||| Stepping randomly (stuck).
  4256 | D:4      | 4256 ||| Stepping randomly (stuck).
  4257 | D:4      | 4257 ||| Stepping randomly (stuck).
  4258 | D:4      | 4258 ||| Stepping randomly (stuck).
  4259 | D:4      | 4259 ||| Stepping randomly (stuck).
  4260 | D:4      | 4260 ||| Stepping randomly (stuck).
  4261 | D:4      | 4261 ||| Stepping randomly (stuck).
  4262 | D:4      | 4262 ||| Stepping randomly (stuck).
  4263 | D:4      | 4263 ||| Stepping randomly (stuck).
  4264 | D:4      | 4264 ||| Stepping randomly (stuck).
  4265 | D:4      | 4265 ||| Stepping randomly (stuck).
  4266 | D:4      | 4266 ||| Stepping randomly (stuck).
  4267 | D:4      | 4267 ||| Stepping randomly (stuck).
  4268 | D:4      | 4268 ||| Stepping randomly (stuck).
  4269 | D:4      | 4269 ||| Stepping randomly (stuck).
  4270 | D:4      | 4270 ||| Stepping randomly (stuck).
  4271 | D:4      | 4271 ||| Stepping randomly (stuck).
  4272 | D:4      | 4272 ||| Stepping randomly (stuck).
  4273 | D:4      | 4273 ||| Stepping randomly (stuck).
  4274 | D:4      | 4274 ||| Stepping randomly (stuck).
  4275 | D:4      | 4275 ||| Stepping randomly (stuck).
  4276 | D:4      | 4276 ||| Stepping randomly (stuck).
  4277 | D:4      | 4277 ||| Stepping randomly (stuck).
  4278 | D:4      | 4278 ||| Stepping randomly (stuck).
  4279 | D:4      | 4279 ||| Stepping randomly (stuck).
  4280 | D:4      | 4280 ||| Stepping randomly (stuck).
  4281 | D:4      | 4281 ||| Stepping randomly (stuck).
  4282 | D:4      | 4282 ||| Stepping randomly (stuck).
  4283 | D:4      | 4283 ||| Stepping randomly (stuck).
  4284 | D:4      | 4284 ||| Stepping randomly (stuck).
  4285 | D:4      | 4285 ||| Stepping randomly (stuck).
  4286 | D:4      | 4286 ||| Stepping randomly (stuck).
  4287 | D:4      | 4287 ||| Stepping randomly (stuck).
  4288 | D:4      | 4288 ||| Stepping randomly (stuck).
  4289 | D:4      | 4289 ||| Stepping randomly (stuck).
  4290 | D:4      | 4290 ||| Stepping randomly (stuck).
  4291 | D:4      | 4291 ||| Stepping randomly (stuck).
  4292 | D:4      | 4292 ||| Stepping randomly (stuck).
  4293 | D:4      | 4293 ||| Stepping randomly (stuck).
  4294 | D:4      | 4294 ||| Stepping randomly (stuck).
  4295 | D:4      | 4295 ||| Stepping randomly (stuck).
  4296 | D:4      | 4296 ||| Stepping randomly (stuck).
  4297 | D:4      | 4297 ||| Stepping randomly (stuck).
  4298 | D:4      | 4298 ||| Stepping randomly (stuck).
  4299 | D:4      | 4299 ||| Stepping randomly (stuck).
  4300 | D:4      | 4300 ||| Stepping randomly (stuck).
  4301 | D:4      | 4301 ||| Stepping randomly (stuck).
  4302 | D:4      | 4302 ||| Stepping randomly (stuck).
  4303 | D:4      | 4303 ||| Stepping randomly (stuck).
  4304 | D:4      | 4304 ||| Stepping randomly (stuck).
  4305 | D:4      | 4305 ||| Stepping randomly (stuck).
  4306 | D:4      | 4306 ||| Stepping randomly (stuck).
  4307 | D:4      | 4307 ||| Stepping randomly (stuck).
  4308 | D:4      | 4308 ||| Stepping randomly (stuck).
  4309 | D:4      | 4309 ||| Stepping randomly (stuck).
  4310 | D:4      | 4310 ||| Stepping randomly (stuck).
  4311 | D:4      | 4311 ||| Stepping randomly (stuck).
  4312 | D:4      | 4312 ||| Stepping randomly (stuck).
  4313 | D:4      | 4313 ||| Stepping randomly (stuck).
  4314 | D:4      | 4314 ||| Stepping randomly (stuck).
  4315 | D:4      | 4315 ||| Stepping randomly (stuck).
  4316 | D:4      | 4316 ||| Stepping randomly (stuck).
  4317 | D:4      | 4317 ||| Stepping randomly (stuck).
  4318 | D:4      | 4318 ||| Stepping randomly (stuck).
  4319 | D:4      | 4319 ||| Stepping randomly (stuck).
  4320 | D:4      | 4320 ||| Stepping randomly (stuck).
  4321 | D:4      | 4321 ||| Stepping randomly (stuck).
  4322 | D:4      | 4322 ||| Stepping randomly (stuck).
  4323 | D:4      | 4323 ||| Stepping randomly (stuck).
  4324 | D:4      | 4324 ||| Stepping randomly (stuck).
  4325 | D:4      | 4325 ||| Stepping randomly (stuck).
  4326 | D:4      | 4326 ||| Stepping randomly (stuck).
  4327 | D:4      | 4327 ||| Stepping randomly (stuck).
  4328 | D:4      | 4328 ||| Stepping randomly (stuck).
  4329 | D:4      | 4329 ||| Stepping randomly (stuck).
  4330 | D:4      | 4330 ||| Stepping randomly (stuck).
  4331 | D:4      | 4331 ||| Stepping randomly (stuck).
  4332 | D:4      | 4332 ||| Stepping randomly (stuck).
  4333 | D:4      | 4333 ||| Stepping randomly (stuck).
  4334 | D:4      | 4334 ||| Stepping randomly (stuck).
  4335 | D:4      | 4335 ||| Stepping randomly (stuck).
  4336 | D:4      | 4336 ||| Stepping randomly (stuck).
  4337 | D:4      | 4337 ||| Stepping randomly (stuck).
  4338 | D:4      | 4338 ||| Stepping randomly (stuck).
  4339 | D:4      | 4339 ||| Stepping randomly (stuck).
  4340 | D:4      | 4340 ||| Stepping randomly (stuck).
  4341 | D:4      | 4341 ||| Stepping randomly (stuck).
  4342 | D:4      | 4342 ||| Stepping randomly (stuck).
  4343 | D:4      | 4343 ||| Stepping randomly (stuck).
  4344 | D:4      | 4344 ||| Stepping randomly (stuck).
  4345 | D:4      | 4345 ||| Stepping randomly (stuck).
  4346 | D:4      | 4346 ||| Stepping randomly (stuck).
  4347 | D:4      | 4347 ||| Stepping randomly (stuck).
  4348 | D:4      | 4348 ||| Stepping randomly (stuck).
  4349 | D:4      | 4349 ||| Stepping randomly (stuck).
  4350 | D:4      | 4350 ||| Stepping randomly (stuck).
  4351 | D:4      | 4351 ||| Stepping randomly (stuck).
  4352 | D:4      | 4352 ||| Stepping randomly (stuck).
  4353 | D:4      | 4353 ||| Stepping randomly (stuck).
  4354 | D:4      | 4354 ||| Stepping randomly (stuck).
  4355 | D:4      | 4355 ||| Stepping randomly (stuck).
  4356 | D:4      | 4356 ||| Stepping randomly (stuck).
  4357 | D:4      | 4357 ||| Stepping randomly (stuck).
  4358 | D:4      | 4358 ||| Stepping randomly (stuck).
  4359 | D:4      | 4359 ||| Stepping randomly (stuck).
  4360 | D:4      | 4360 ||| Stepping randomly (stuck).
  4361 | D:4      | 4361 ||| Stepping randomly (stuck).
  4362 | D:4      | 4362 ||| Stepping randomly (stuck).
  4363 | D:4      | 4363 ||| Stepping randomly (stuck).
  4364 | D:4      | 4364 ||| Stepping randomly (stuck).
  4365 | D:4      | 4365 ||| Stepping randomly (stuck).
  4366 | D:4      | 4366 ||| Stepping randomly (stuck).
  4367 | D:4      | 4367 ||| Stepping randomly (stuck).
  4368 | D:4      | 4368 ||| Stepping randomly (stuck).
  4369 | D:4      | 4369 ||| Stepping randomly (stuck).
  4370 | D:4      | 4370 ||| Stepping randomly (stuck).
  4371 | D:4      | 4371 ||| Stepping randomly (stuck).
  4372 | D:4      | 4372 ||| Stepping randomly (stuck).
  4373 | D:4      | 4373 ||| Stepping randomly (stuck).
  4374 | D:4      | 4374 ||| Stepping randomly (stuck).
  4375 | D:4      | 4375 ||| Stepping randomly (stuck).
  4376 | D:4      | 4376 ||| Stepping randomly (stuck).
  4377 | D:4      | 4377 ||| Stepping randomly (stuck).
  4378 | D:4      | 4378 ||| Stepping randomly (stuck).
  4379 | D:4      | 4379 ||| Stepping randomly (stuck).
  4380 | D:4      | 4380 ||| Stepping randomly (stuck).
  4381 | D:4      | 4381 ||| Stepping randomly (stuck).
  4382 | D:4      | 4382 ||| Stepping randomly (stuck).
  4383 | D:4      | 4383 ||| Stepping randomly (stuck).
  4384 | D:4      | 4384 ||| Stepping randomly (stuck).
  4385 | D:4      | 4385 ||| Stepping randomly (stuck).
  4386 | D:4      | 4386 ||| Stepping randomly (stuck).
  4387 | D:4      | 4387 ||| Stepping randomly (stuck).
  4388 | D:4      | 4388 ||| Stepping randomly (stuck).
  4389 | D:4      | 4389 ||| Stepping randomly (stuck).
  4390 | D:4      | 4390 ||| Stepping randomly (stuck).
  4391 | D:4      | 4391 ||| Stepping randomly (stuck).
  4392 | D:4      | 4392 ||| Stepping randomly (stuck).
  4393 | D:4      | 4393 ||| Stepping randomly (stuck).
  4394 | D:4      | 4394 ||| Stepping randomly (stuck).
  4395 | D:4      | 4395 ||| Stepping randomly (stuck).
  4396 | D:4      | 4396 ||| Stepping randomly (stuck).
  4397 | D:4      | 4397 ||| Stepping randomly (stuck).
  4398 | D:4      | 4398 ||| Stepping randomly (stuck).
  4399 | D:4      | 4399 ||| Stepping randomly (stuck).
  4400 | D:4      | 4400 ||| Stepping randomly (stuck).
  4401 | D:4      | 4401 ||| Stepping randomly (stuck).
  4402 | D:4      | 4402 ||| Stepping randomly (stuck).
  4403 | D:4      | 4403 ||| Stepping randomly (stuck).
  4404 | D:4      | 4404 ||| Stepping randomly (stuck).
  4405 | D:4      | 4405 ||| Stepping randomly (stuck).
  4406 | D:4      | 4406 ||| Stepping randomly (stuck).
  4407 | D:4      | 4407 ||| Stepping randomly (stuck).
  4408 | D:4      | 4408 ||| Stepping randomly (stuck).
  4409 | D:4      | 4409 ||| Stepping randomly (stuck).
  4410 | D:4      | 4410 ||| Stepping randomly (stuck).
  4411 | D:4      | 4411 ||| Stepping randomly (stuck).
  4412 | D:4      | 4412 ||| Stepping randomly (stuck).
  4413 | D:4      | 4413 ||| Stepping randomly (stuck).
  4414 | D:4      | 4414 ||| Stepping randomly (stuck).
  4415 | D:4      | 4415 ||| Stepping randomly (stuck).
  4416 | D:4      | 4416 ||| Stepping randomly (stuck).
  4417 | D:4      | 4417 ||| Stepping randomly (stuck).
  4418 | D:4      | 4418 ||| Stepping randomly (stuck).
  4419 | D:4      | 4419 ||| Stepping randomly (stuck).
  4420 | D:4      | 4420 ||| Stepping randomly (stuck).
  4421 | D:4      | 4421 ||| Stepping randomly (stuck).
  4422 | D:4      | 4422 ||| Stepping randomly (stuck).
  4423 | D:4      | 4423 ||| Stepping randomly (stuck).
  4424 | D:4      | 4424 ||| Stepping randomly (stuck).
  4425 | D:4      | 4425 ||| Stepping randomly (stuck).
  4426 | D:4      | 4426 ||| Stepping randomly (stuck).
  4427 | D:4      | 4427 ||| Stepping randomly (stuck).
  4428 | D:4      | 4428 ||| Stepping randomly (stuck).
  4429 | D:4      | 4429 ||| Stepping randomly (stuck).
  4430 | D:4      | 4430 ||| Stepping randomly (stuck).
  4431 | D:4      | 4431 ||| Stepping randomly (stuck).
  4432 | D:4      | 4432 ||| Stepping randomly (stuck).
  4433 | D:4      | 4433 ||| Stepping randomly (stuck).
  4434 | D:4      | 4434 ||| Stepping randomly (stuck).
  4435 | D:4      | 4435 ||| Stepping randomly (stuck).
  4436 | D:4      | 4436 ||| Stepping randomly (stuck).
  4437 | D:4      | 4437 ||| Stepping randomly (stuck).
  4438 | D:4      | 4438 ||| Stepping randomly (stuck).
  4439 | D:4      | 4439 ||| Stepping randomly (stuck).
  4440 | D:4      | 4440 ||| Stepping randomly (stuck).
  4441 | D:4      | 4441 ||| Stepping randomly (stuck).
  4442 | D:4      | 4442 ||| Stepping randomly (stuck).
  4443 | D:4      | 4443 ||| Stepping randomly (stuck).
  4444 | D:4      | 4444 ||| Stepping randomly (stuck).
  4445 | D:4      | 4445 ||| Stepping randomly (stuck).
  4446 | D:4      | 4446 ||| Stepping randomly (stuck).
  4447 | D:4      | 4447 ||| Stepping randomly (stuck).
  4448 | D:4      | 4448 ||| Stepping randomly (stuck).
  4449 | D:4      | 4449 ||| Stepping randomly (stuck).
  4450 | D:4      | 4450 ||| Stepping randomly (stuck).
  4451 | D:4      | 4451 ||| Stepping randomly (stuck).
  4452 | D:4      | 4452 ||| Stepping randomly (stuck).
  4453 | D:4      | 4453 ||| Stepping randomly (stuck).
  4454 | D:4      | 4454 ||| Stepping randomly (stuck).
  4455 | D:4      | 4455 ||| Stepping randomly (stuck).
  4456 | D:4      | 4456 ||| Stepping randomly (stuck).
  4457 | D:4      | 4457 ||| Stepping randomly (stuck).
  4458 | D:4      | 4458 ||| Stepping randomly (stuck).
  4459 | D:4      | 4459 ||| Stepping randomly (stuck).
  4460 | D:4      | 4460 ||| Stepping randomly (stuck).
  4461 | D:4      | 4461 ||| Stepping randomly (stuck).
  4462 | D:4      | 4462 ||| Stepping randomly (stuck).
  4463 | D:4      | 4463 ||| Stepping randomly (stuck).
  4464 | D:4      | 4464 ||| Stepping randomly (stuck).
  4465 | D:4      | 4465 ||| Stepping randomly (stuck).
  4466 | D:4      | 4466 ||| Stepping randomly (stuck).
  4467 | D:4      | 4467 ||| Stepping randomly (stuck).
  4468 | D:4      | 4468 ||| Stepping randomly (stuck).
  4469 | D:4      | 4469 ||| Stepping randomly (stuck).
  4470 | D:4      | 4470 ||| Stepping randomly (stuck).
  4471 | D:4      | 4471 ||| Stepping randomly (stuck).
  4472 | D:4      | 4472 ||| Stepping randomly (stuck).
  4473 | D:4      | 4473 ||| Stepping randomly (stuck).
  4474 | D:4      | 4474 ||| Stepping randomly (stuck).
  4475 | D:4      | 4475 ||| Stepping randomly (stuck).
  4476 | D:4      | 4476 ||| Stepping randomly (stuck).
  4477 | D:4      | 4477 ||| Stepping randomly (stuck).
  4478 | D:4      | 4478 ||| Stepping randomly (stuck).
  4479 | D:4      | 4479 ||| Stepping randomly (stuck).
  4480 | D:4      | 4480 ||| Stepping randomly (stuck).
  4481 | D:4      | 4481 ||| Stepping randomly (stuck).
  4482 | D:4      | 4482 ||| Stepping randomly (stuck).
  4483 | D:4      | 4483 ||| Stepping randomly (stuck).
  4484 | D:4      | 4484 ||| Stepping randomly (stuck).
  4485 | D:4      | 4485 ||| Stepping randomly (stuck).
  4486 | D:4      | 4486 ||| Stepping randomly (stuck).
  4487 | D:4      | 4487 ||| Stepping randomly (stuck).
  4488 | D:4      | 4488 ||| Stepping randomly (stuck).
  4489 | D:4      | 4489 ||| Stepping randomly (stuck).
  4490 | D:4      | 4490 ||| Stepping randomly (stuck).
  4491 | D:4      | 4491 ||| Stepping randomly (stuck).
  4492 | D:4      | 4492 ||| Stepping randomly (stuck).
  4493 | D:4      | 4493 ||| Stepping randomly (stuck).
  4494 | D:4      | 4494 ||| Stepping randomly (stuck).
  4495 | D:4      | 4495 ||| Stepping randomly (stuck).
  4496 | D:4      | 4496 ||| Stepping randomly (stuck).
  4497 | D:4      | 4497 ||| Stepping randomly (stuck).
  4498 | D:4      | 4498 ||| Stepping randomly (stuck).
  4499 | D:4      | 4499 ||| Stepping randomly (stuck).
  4500 | D:4      | 4500 ||| Stepping randomly (stuck).
  4501 | D:4      | 4501 ||| Stepping randomly (stuck).
  4502 | D:4      | 4502 ||| Stepping randomly (stuck).
  4503 | D:4      | 4503 ||| Stepping randomly (stuck).
  4504 | D:4      | 4504 ||| Stepping randomly (stuck).
  4505 | D:4      | 4505 ||| Stepping randomly (stuck).
  4506 | D:4      | 4506 ||| Stepping randomly (stuck).
  4507 | D:4      | 4507 ||| Stepping randomly (stuck).
  4508 | D:4      | 4508 ||| STAIRDANCE
  4510 | D:3      | 4510 ||| RIP SEWER
  4510 | D:3      | 4510 ||| PLANNING D:1-11
  4622 | D:5      | Entered Level 5 of the Dungeon
  4628 | D:5      | Reached XP level 6. HP: 38/38 MP: 6/6
  4831 | D:5      | Found a staircase to the Ecumenical Temple.
  4832 | D:5      | 4832 ||| PLANNING TEMPLE
  4832 | D:5      | 4832 ||| UPGRADING to +0 chain mail.
  4842 | D:5      | 4842 ||| DROPPING +0 scale mail.
  4843 | D:5      | 4843 ||| READING scroll labelled VINOUTSEKUJ.
  4850 | Temple   | Entered the Ecumenical Temple
  4904 | Temple   | 4904 ||| PLANNING D:1-11
  5235 | D:5      | Found an ornate altar of the Wu Jian Council.
  5293 | D:5      | Noticed a black bear
  5304 | D:5      | Killed a black bear
  5305 | D:5      | Reached XP level 7. HP: 31/43 MP: 7/7
  5309 | D:5      | 5309 ||| Stepping ~*~*~tactically~*~*~ (stealth).
  5317 | D:5      | 5317 ||| Stepping ~*~*~tactically~*~*~ (stealth).
  5329 | D:5      | 5329 ||| Stepping ~*~*~tactically~*~*~ (stealth).
  5350 | D:5      | Reached skill level 6 in Axes
  5615 | D:5      | 5615 ||| DROPPING ring of magical power.
  5616 | D:5      | 5616 ||| READING 2 scrolls of identify.
  5616 | D:5      | 5616 ||| IDENTIFYING fuming purple potion
  5648 | D:6      | Reached skill level 1 in Dodging
  5676 | D:6      | 5676 ||| Stepping ~*~*~tactically~*~*~ (stealth).
  5687 | D:6      | 5687 ||| DRINKING 4 potions of curing.
  5687 | D:6      | 5687 ||| (to cure confusion)
  5833 | D:6      | Found a snail-covered altar of Cheibriados.
  5888 | D:6      | Found an opulent altar of Gozag.
  5892 | D:6      | Noticed Menkaure
  5903 | D:6      | Killed Menkaure
  5904 | D:6      | Reached skill level 7 in Axes
  6052 | D:6      | You fall into a shaft and drop 1 floor!
  6071 | D:7      | Reached XP level 8. HP: 48/48 MP: 8/8
  6090 | D:7      | Noticed Joseph
  6102 | D:7      | HP: 3/48 [Joseph/+0 quarterstaff (14)]
  6103 | D:7      | 6103 ||| READING scroll of teleportation.
  6104 | D:7      | Mangled by Joseph

Levels and vault maps discovered:
D:1:      shiori_arrival_whats_in_store_for_you, layout_basic,
          lexackson_kobold_supper
D:2:      layout_loops_corners
D:3:      layout_rooms, xom_teletrap_fun, ebering_ecumenical_altar_hall,
          uniq_robin
D:4:      cheibrodos_old_hovel, layout_rooms, serial_shops,
          nicolae_shop_crystal, gup_sewer_entry_bubbles,
          minmay_misc_feat_secret_circle
D:5:      layout_loops_ring, nzn_wu_jian_council_hall, minmay_temple_entry_mist,
          minivault_24, nicolae_figureground_pulse
D:6:      layout_rooms, marbit_many_paths, grunt_gozag_statues, uniq_menkaure,
          uniq_eustachio
D:7:      layout_basic, uniq_pikel, uniq_joseph
Temple:   nicolae_temple_x_marks_the_god

Skill      XL: |  1  2  3  4  5  6  7 |
---------------+----------------------+-----
Axes           | 2 3 4 5 7 |  7.3
Throwing       | 1 |  1.3
Fighting       | 4 |  4.6
Dodging        | 1 |  1.0
Armour         | |  3.2
Shields        | |  3.2

Action                     |  1- 3 |  4- 6 |  7- 9 || total
---------------------------+-------+-------+-------++-------
  Melee: War axe           |    99 |   215 |    55 ||   369
  Throw: Javelin           |       |    35 |     9 ||    44
    Use: Scroll            |     2 |     7 |     2 ||    11
         Potion            |     1 |     2 |     1 ||     4
 Armour: Scale mail        |    40 |   126 |       ||   166
         Chain mail        |       |    16 |    27 ||    43
  Dodge: Dodged            |    47 |   123 |    25 ||   195
  Block: Buckler           |    13 |    39 |     6 ||    58

Table legend:
 A = Non-vault XP
 B = Vault XP
 C = Vault XP percentage of total XP
 D = Non-vault monster count
 E = Vault monster count
 F = Vault count percentage of total count
                 A         B        C        D         E       F
            +---------+---------+-------+---------+---------+-------
      Total |     921 |     282 |  23.4 |     101 |      29 |  22.3
            +---------+---------+-------+---------+---------+-------
        D:1 |      35 |      10 |  22.2 |      22 |       8 |  26.7
        D:2 |      55 |       0 |   0.0 |      15 |       0 |   0.0
        D:3 |      33 |      36 |  52.2 |      14 |      12 |  46.2
        D:4 |     121 |      24 |  16.6 |      29 |       7 |  19.4
        D:5 |     358 |       0 |   0.0 |      12 |       0 |   0.0
        D:6 |     268 |     212 |  44.2 |       8 |       2 |  20.0
        D:7 |      51 |       0 |   0.0 |       1 |       0 |   0.0
            +---------+---------+-------+---------+---------+-------
